 Dungeon Crawl Stone Soup version 0.18.1-50-g88ac8fd (webtiles) character file.

3644 mopl the Carver (level 10, -1/46 HPs)
             Began as a Vine Stalker Warper on May 17, 2017.
             Was a High Priest of Pakellas.
             Slain by a killer bee (2 damage)
             ... on level 7 of the Dungeon.
             The game lasted 00:19:33 (6407 turns).

mopl the Carver (Vine Stalker Warper)               Turns: 6407, Time: 00:19:34

Health: -1/46      AC:  4    Str: 14    XL:     10   Next: 12%
Magic:  0/16       EV: 12    Int: 13    God:    Pakellas [*****.]
Gold:   415        SH:  0    Dex: 17    Spells: 4 memorised, 3 levels left

rFire  . . .     SeeInvis .     b - +2 dagger (venom)
rCold  . . .     Gourm    .     L - +0 robe
rNeg   . . .     Faith    .     (no shield)
rPois  .         Spirit   +     (no helmet)
rElec  .         Dismiss  .     g - +0 cloak
rCorr  .         Reflect  .     (no gloves)
SustAt .         Harm     .     C - +0 pair of boots
MR     ++...                    u - amulet of regeneration
Stlth  ++++......               O - ring of flight
                                r - ring of protection from magic

@: lethally poisoned (-1 -> -1), very resistant to hostile enchantments,
stealthy
A: fangs 3, regeneration 2, magic shield, antimagic bite, no device heal 3, rot
immunity
a: Quick Charge, Device Surge, Renounce Religion, Evoke Flight


You were on level 7 of the Dungeon.
You worshipped Pakellas.
Pakellas was extremely pleased with you.
You were not hungry.

You visited 1 branch of the dungeon, and saw 8 of its levels.
You also visited: Sewer.

You collected 415 gold pieces.

Inventory:

Hand Weapons
 a - a +0 falchion
 b - a +2 dagger of venom (weapon)
 Z - a +2 rapier of holy wrath
Missiles
 c - 5 tomahawks
 e - 5 tomahawks of dispersal
 D - 12 tomahawks of returning (quivered)
Armour
 g - a +0 cloak (worn)
 C - a +0 pair of boots (worn)
 L - a +0 robe (worn)
Rods
 y - a +2 rod of clouds (7/10) {!a}
   (Pakellas gifted it to you on level 7 of the Dungeon)
Jewellery
 r - a ring of protection from magic (left hand)
 u - an amulet of regeneration (around neck)
 O - a ring of flight (right hand)
Wands
 B - a wand of flame (9/48)
 E - a wand of digging (14/24)
 N - a wand of slowing (10/48)
 P - a wand of iceblast (4/15)
 Y - a wand of acid (4/15)
Scrolls
 d - 2 scrolls of blinking
 h - 2 scrolls of amnesia
 i - a scroll of teleportation
 k - 4 scrolls of remove curse
 l - 3 scrolls of immolation
 s - a scroll of recharging {unknown}
 v - 3 scrolls of enchant armour {unknown}
 x - 2 scrolls of noise
 z - 2 scrolls of random uselessness
 F - 3 scrolls of magic mapping
 T - a scroll of fear {unknown}
 V - a scroll of enchant weapon {unknown}
Potions
 j - a potion of invisibility
 m - a potion of berserk rage {!q}
 q - a potion of might
 w - 2 potions of haste {unknown}
 A - 3 potions of curing
 H - a potion of agility
 I - a potion of resistance {unknown}
 K - a potion of degeneration {unknown}
 M - 3 potions of lignification {unknown}
 Q - 3 potions of heal wounds {unknown}
 R - 2 potions of brilliance
 S - 6 potions of flight
 U - a potion of magic {unknown}
Miscellaneous
 G - a box of beasts
 X - a disc of storms
Comestibles
 f - 4 bread rations
 n - 2 meat rations
 o - 6 fruits
 p - a slice of pizza
 t - 2 beef jerkies
 J - 3 royal jellies
 W - 3 chunks of flesh


   Skills:
 - Level 1.7 Fighting
 + Level 9.0 Long Blades
 - Level 0.8 Throwing
 - Level 0.7 Armour
 - Level 1.5 Dodging
 + Level 7.5 Stealth
 - Level 2.1 Spellcasting
 - Level 3.0 Translocations
 + Level 7.9 Evocations


You had 3 spell levels left.
You knew the following spells:

 Your Spells              Type           Power        Failure   Level  Hunger
a - Apportation           Tloc           #.........   10%         1    ##.....
e - Blink                 Tloc           N/A          12%         2    ###....
p - Portal Projectile     Tloc           #.....       21%         3    ####...
P - Passage of Golubria   Tloc           N/A          75%         4    #####..


Dungeon Overview and Level Annotations

Branches:
Dungeon (8/15)             Temple (0/1) D:6
   Lair: D:8-11

Altars:
Ashenzari
Cheibriados
Gozag
Makhleb
Nemelex Xobeh
Okawaru
Pakellas
Qazlal
Ru
Trog
Vehumet
Xom
Zin

Shops:
D:6 *


Innate Abilities, Weirdness & Mutations

You have razor-sharp teeth.
You heal very quickly.
When hurt, damage is shared between your health and your magic reserves.
Your bite disrupts and absorbs the magic of your enemies.
Potions and wands cannot restore your health.
You are immune to rotting.


Message History

You climb upwards.
There is a stone staircase leading down, spattered with blood here.
Unknown command.
Unknown command.
Unknown command.
The killer bee stings you.
You are poisoned.
The killer bee poisons you! The killer bee stings you.
You are more poisoned.
The killer bee poisons you! The killer bee stings you. x2
* * * LOW HITPOINT WARNING * * *
You see here an animal skin.
You feel sick. The killer bee closely misses you. The killer bee stings you.
Unknown command.
You feel sick. The killer bee stings you!
* * * LOW HITPOINT WARNING * * *
Unknown command.
You feel sick. The killer bee stings you.
You die...
Pakellas says: Good help is so hard to find these days!

.....# #..................#
.....# #####.......#.....##
.....#######.............########
...#.##_._##.......#.....#.§....#
...#.##...##..#[...#........§...#
.....##...##..†>[o.#.....#..._..#
.....##.[.##..###y.#.....#.§§.§..
.....##...##...##y.#.....##.....#
.....##...##...+@..#.....# ##.###
.....###'###...###.....### #.# #
.....##<..##.....(.....# #.# #
.....###.###...........######.# #
...........................##.# #
#.#...[...##.....#.........##.# #
..(^§^.........###.........##.# #
...§#§^......##.......#######.# #
..§≈#≈§......##.........#####.###


You could see 2 killer bees and an orc.

Vanquished Creatures
  Pikel (D:7)
  Grinder (D:3)
  Sigmund (D:5)
  A hippogriff (D:7)
  Edmund (D:5)
  2 ice beasts
  An orc warrior (D:7)
  2 slaves (D:7)
  3 ogres
  2 phantoms
  4 centaurs
  2 big kobolds (Sewer)
  3 scorpions
  2 killer bees (D:7)
  3 wights
  2 howler monkeys
  3 crimson imps
  2 hounds (D:6)
  4 orc priests
  A giant frog skeleton (D:7)
  2 iguanas
  5 orc wizards
  A centaur skeleton (D:6)
  Terence (D:3)
  3 worker ants
  A river rat (Sewer)
  16 adders
  3 oozes
  6 worms
  2 dart slugs
  8 giant geckos
  38 orcs
  6 ball pythons
  5 giant cockroaches
  7 goblins
  4 hobgoblins
  7 jackals
  3 quokkas
  10 bats
  4 giant newts
  A jackal zombie (D:7)
  13 kobolds
  A quokka skeleton (D:8)
  11 rats
199 creatures vanquished.

Vanquished Creatures (others)
  A boulder beetle (D:2)
  A slave (D:8)
  A hound skeleton (D:8)
3 creatures vanquished.

Grand Total: 202 creatures vanquished

Notes
Turn   | Place    | Note
--------------------------------------------------------------
     0 | D:1      | mopl the Vine Stalker Warper began the quest for the Orb.
     0 | D:1      | Reached XP level 1. HP: 11/11 MP: 4/4
    25 | D:1      | Reached skill level 2 in Long Blades
    67 | D:1      | Reached XP level 2. HP: 15/15 MP: 6/6
    74 | D:1      | Learned a level 2 spell: Blink
   196 | D:1      | Reached skill level 3 in Long Blades
   224 | D:1      | Reached XP level 3. HP: 10/18 MP: 4/7
   441 | D:2      | Found a glowing silver altar of Zin.
   450 | D:2      | Found a shattered altar of Ashenzari.
   857 | D:2      | Reached XP level 4. HP: 7/23 MP: 4/8
   927 | D:2      | Found a sacrificial altar of Ru.
  1216 | D:2      | Found an oddly glowing altar of Pakellas.
  1217 | D:2      | Noticed a boulder beetle
  1220 | D:2      | Became a worshipper of Pakellas the Inventive
  1230 | D:2      | Killed a boulder beetle
  1432 | D:3      | Reached skill level 4 in Long Blades
  1639 | D:3      | Reached skill level 1 in Evocations
  1660 | D:3      | Reached * piety under Pakellas
  1660 | D:3      | Received a gift from Pakellas
  1779 | D:3      | Noticed Grinder
  1794 | D:3      | Killed Grinder
  1794 | D:3      | Reached skill level 5 in Long Blades
  1794 | D:3      | Reached skill level 2 in Evocations
  1794 | D:3      | Reached XP level 5. HP: 9/26 MP: 2/9
  1794 | D:3      | Gained mutation: You heal very quickly. [Vine Stalker growth]
  1794 | D:3      | Reached XP level 6. HP: 10/30 MP: 2/10
  1833 | D:3      | Reached skill level 3 in Evocations
  2161 | D:4      | Reached XP level 7. HP: 20/34 MP: 4/11
  2262 | D:3      | Reached ** piety under Pakellas
  2262 | D:3      | Received a gift from Pakellas
  2288 | D:3      | You fall through a shaft for 2 floors!
  2288 | D:5      | Entered Level 5 of the Dungeon
  2503 | D:5      | Reached skill level 4 in Evocations
  2587 | D:5      | Reached skill level 6 in Long Blades
  2595 | D:5      | Noticed Sigmund
  2768 | D:3      | Noticed Terence
  2776 | D:3      | Killed Terence
  2776 | D:3      | Gained mutation: You have razor-sharp teeth. [Vine Stalker growth]
  2776 | D:3      | Reached XP level 8. HP: 38/38 MP: 12/12
  3124 | D:4      | Reached skill level 5 in Evocations
  3526 | D:5      | Noticed Edmund
  3535 | D:5      | Killed Edmund
  3685 | D:5      | Reached skill level 7 in Long Blades
  3940 | D:6      | Found a glowing drain.
  3947 | Sewer    | Entered a sewer
  3961 | Sewer    | Reached skill level 1 in Stealth
  3969 | Sewer    | Reached *** piety under Pakellas
  3969 | Sewer    | Received a gift from Pakellas
  4286 | Sewer    | Reached skill level 2 in Stealth
  4286 | Sewer    | Reached skill level 6 in Evocations
  4384 | D:6      | Reached skill level 3 in Stealth
  4414 | D:5      | Reached XP level 9. HP: 33/42 MP: 14/14
  4440 | D:5      | Killed Sigmund
  4440 | D:5      | Reached skill level 4 in Stealth
  4511 | D:6      | Found a staircase to the Ecumenical Temple.
  4524 | D:6      | Paralysed by a crimson imp for 5 turns
  4616 | D:6      | Reached **** piety under Pakellas
  4616 | D:6      | Received a gift from Pakellas
  4650 | D:6      | Found an opulent altar of Gozag.
  4652 | D:6      | Found Gozag's Platinum Reserve.
  4723 | D:6      | Found a burning altar of Makhleb.
  4723 | D:6      | Found a shimmering altar of Xom.
  4855 | D:6      | Reached skill level 8 in Long Blades
  4860 | D:6      | Reached skill level 5 in Stealth
  4941 | D:6      | Found a sparkling altar of Nemelex Xobeh.
  5177 | D:7      | Found a radiant altar of Vehumet.
  5257 | D:7      | Reached skill level 7 in Evocations
  5391 | D:7      | Learned a level 4 spell: Passage of Golubria
  5395 | D:7      | Learned a level 3 spell: Portal Projectile
  5444 | D:7      | Found a stormy altar of Qazlal.
  5567 | D:7      | Reached skill level 6 in Stealth
  5859 | D:7      | Found an iron altar of Okawaru.
  5859 | D:7      | Found a bloodstained altar of Trog.
  5935 | D:8      | Noticed Pikel
  6084 | D:7      | Killed Pikel
  6084 | D:7      | Reached ***** piety under Pakellas
  6084 | D:7      | Received a gift from Pakellas
  6084 | D:7      | Reached skill level 7 in Stealth
  6084 | D:7      | Reached XP level 10. HP: 16/46 MP: 11/16
  6143 | D:8      | Found a snail-covered altar of Cheibriados.
  6349 | D:7      | HP: 2/46 [orc wizard/puff of flame (10)]
  6350 | D:7      | Reached skill level 9 in Long Blades
  6352 | D:7      | Identified a +2 rod of clouds (10/10) {!a} (Pakellas gifted it to you on level 7 of the Dungeon)
  6406 | D:7      | HP: 1/46 [killer bee (7)]
  6407 | D:7      | Slain by a killer bee

Skill      XL: |  1  2  3  4  5  6  7  8  9 10 |
---------------+-------------------------------+-----
Long Blades    | 2 3 5 6 7 8 9 |  9.0
Evocations     | 2 3 4 6 7 |  7.9
Stealth        | 3 7 |  7.5
Fighting       | |  1.7
Throwing       | |  0.8
Armour         | |  0.7
Dodging        | |  1.5
Spellcasting   | |  2.1
Translocations | |  3.0

Action                   |  1- 3 |  4- 6 |  7- 9 | 10-12 || total
-------------------------+-------+-------+-------+-------++-------
Melee: Falchion          |   108 |   103 |    89 |     3 ||   303
       Bite              |    19 |    22 |   189 |     8 ||   238
       Dagger            |       |       |   448 |    28 ||   476
       Rapier            |       |       |    26 |       ||    26
Invok: Quick Charge      |       |       |     2 |       ||     2
Evoke: Wand              |       |    16 |    20 |       ||    36
       Rod               |       |       |       |     1 ||     1
  Use: Potion            |       |     1 |     1 |     1 ||     3
       Scroll            |       |       |     8 |     7 ||    15
 Stab: Sleeping          |       |     2 |     7 |       ||     9
       Distracted        |       |       |     2 |       ||     2
  Eat: Chunk             |       |     4 |    15 |     1 ||    20
Armor: Leather armour    |    53 |    21 |    28 |       ||   102
       Robe              |       |       |    84 |    25 ||   109
Dodge: Dodged            |    66 |    53 |   275 |    78 ||   472
